AoeStats
← eze402

Arabia

510336986Analyzed
2v2 RM · 1d ago on Sep 30, 2026· 58m 16s· 4 players
Game mode
Random Map
Map size
Medium (4 player)
Population
200
Speed
Normal
Resources
Standard
Victory
Conquest
Starting age
Dark Age
Ending age
Imperial Age
RankedLock teamsTeams togetherTeam positionsShared explorationLock speedFull tech treeHidden civsTurbo modeCheats
Victory
Defeat
🇮🇪 Franks · Ireland
1073
+18
🇮🇳 Varangians · India
1041
+18
🇦🇷 Hindustanis · Argentina
1107
-18
🇦🇷 Lithuanians · Argentina
1106
-18
PlasticMind
6:35 Loom
8:43 Feudal Age
10:13 Double-Bit Axe
10:47 Horse Collar
22:10 Castle Age
20:33 Forging
21:55 Gold Mining
24:03 Bloodlines
25:18 Scale Barding Armor
26:58 Husbandry
27:59 Chain Barding Armor
29:05 Gold Shaft Mining
28:59 Chain Barding Armor
29:46 Iron Casting
34:13 Wheelbarrow
34:17 Fletching
37:28 Bodkin Arrow
41:50 Imperial Age
39:42 Scale Mail Armor
41:58 Chain Mail Armor
41:38 Town Watch
43:34 Conscription
44:14 Bow Saw
43:42 Heavy Camel Rider
45:49 Blast Furnace
45:01 Squires
47:38 Imperial Camel Rider
50:42 Plate Barding Armor
51:09 Arson
51:02 Elite Ghulam
52:52 Hand Cart
53:23 Hoardings
eze402
5:44 Loom
10:30 Feudal Age
11:07 Double-Bit Axe
12:04 Horse Collar
19:21 Wheelbarrow
22:32 Castle Age
21:57 Forging
21:52 Scale Barding Armor
21:40 Fletching
22:34 Scale Mail Armor
22:26 Town Watch
22:46 Pikeman
23:48 Bloodlines
24:16 Chain Barding Armor
24:26 Squires
26:24 Heavy Plow
27:00 Bodkin Arrow
28:39 Bow Saw
32:02 Hill Forts
32:22 Hand Cart
33:22 Stone Mining
33:25 Gold Mining
34:15 Ballistics
34:13 Husbandry
41:23 Imperial Age
40:31 Iron Casting
40:09 Masonry
42:35 Conscription
41:38 Man-at-Arms
41:42 Halberdier
43:38 Chemistry
44:02 Architecture
44:11 Hoardings
44:42 Plate Barding Armor
48:13 Elite Leitis
51:09 Bracer
SlothPeek
6:33 Loom
8:54 Feudal Age
9:33 Double-Bit Axe
18:39 Wheelbarrow
21:36 Castle Age
21:06 Fletching
21:17 Padded Archer Armor
21:45 Gold Mining
22:35 Bodkin Arrow
22:53 Bow Saw
23:53 Leather Archer Armor
23:40 Husbandry
33:15 Hand Cart
39:46 Imperial Age
38:25 Town Watch
39:16 Scale Barding Armor
39:22 Forging
39:22 Devotion
40:20 Gold Shaft Mining
39:35 Stone Mining
40:37 Ballistics
40:14 Murder Holes
42:01 Chemistry
40:36 Cavalier
42:07 Heavy Mounted Crossbowman
42:09 Cranequins
42:57 Paladin
47:27 Chain Barding Armor
47:43 Iron Casting
50:06 Plate Barding Armor
50:32 Blast Furnace
51:49 Hoardings
50:53 Elite Throwing Axeman
52:04 Conscription
56:32 Chivalry
56:23 Pikeman
57:03 Squires
56:49 Arson
56:50 Gambesons
57:09 Scale Mail Armor
57:34 Halberdier
Sir HousedALot
6:37 Loom
9:05 Feudal Age
13:45 Double-Bit Axe
21:32 Castle Age
19:34 Fletching
21:01 Bloodlines
21:45 Horse Collar
21:57 Gold Mining
22:16 Bodkin Arrow
22:21 Padded Archer Armor
25:46 Bow Saw
25:45 Husbandry
27:59 Wheelbarrow
31:37 Ballistics
34:25 Leather Archer Armor
42:08 Imperial Age
41:46 Scale Barding Armor
41:51 Forging
42:18 Cavalier
42:23 Cranequins
44:49 Conscription
45:00 Heavy Mounted Crossbowman
46:37 Hand Cart
46:07 Town Watch
48:20 Chain Barding Armor
48:02 Bracer
49:22 Chemistry
49:54 Ring Archer Armor
50:00 Plate Barding Armor
50:01 Iron Casting
54:50 Blast Furnace
58:07 Scale Mail Armor
58:06 Pikeman
58:47 Squires
Connection lost

Rejoining the realm…

Still unreachable

The connection could not be restored.

Session expired

The server has moved on; the page needs a fresh start.